Construct Infanterie Kompanie
Construct Panzergrenadier Kompanie
Construct Luftwaffe Kompanie
Selects Mechanized Battlegroup
Pak 40 Anti-tank Gun Team
Selects 8 Rad Armored Car
Luftwaffe Officer Quarters
Flak 30 Anti-aircraft Gun Team
Selects Panther Heavy Tank
Selects Zeroing Artillery Barrage
Zeroing Artillery Barrage
Zeroing Artillery Barrage
Selects Wespe Self-propelled Artillery
Zeroing Artillery Barrage